 Dungeon Crawl Stone Soup version 0.14-a0-1474-g1105da3 (webtiles) character file.

137 Aargh the Charmwright (level 4, 0/30 HPs)
             Began as a High Elf Skald on Dec 14, 2013.
             Succumbed to an adder's poison
             ... on Level 3 of the Dungeon.
             The game lasted 00:23:11 (2645 turns).

Aargh the Charmwright (High Elf Skald)              Turns: 2645, Time: 00:23:12

HP   0/30        AC  4     Str 11      XL: 4   Next: 21%
MP  11/11        EV 17     Int 17      God:
Gold 55          SH  0     Dex 19      Spells:  3 memorised,  2 levels left

rFire  . . .     SeeInvis .     a - +0 elf falchion
rCold  . . .     Clarity  .     b - +0 elf leather armour
rNeg   . . .     Conserve .     (no shield)
rPois  .         rCorr    .     (no helmet)
rElec  .         rRot     .     y - +0 elf cloak
SustAb . .       Spirit   .     (no gloves)
rMut   .         Warding  .     (no boots)
Saprov . . .     Stasis   .     (no amulet)
                                (no ring)
                                (no ring)

@: agile, mildly poisoned, slightly resistant to hostile enchantments, quite
stealthy
A: no striking features
a: no special abilities


You were on level 3 of the Dungeon.
You were not hungry.

You visited 1 branch of the dungeon, and saw 3 of its levels.

You collected 55 gold pieces.

Inventory:

Hand weapons
 a - a +0,+0 elven falchion (weapon)
 e - a +2,+0 elven dagger
 k - a +0,+1 orcish dagger
 l - a cursed +0,-2 short sword
 o - a +1,+1 short sword
 s - a +0,+0 dagger
 t - a +2,+0 elven short sword
 u - a +2,+0 elven spear
 E - a +2,+0 elven short sword
 F - a +0,+0 spear
 I - a +2,+1 dagger
Missiles
 f - 5 darts of frost
 m - 35 arrows
 z - 10 poisoned needles
 B - 18 darts
 C - 6 javelins (quivered)
 D - 3 bolts of frost
 J - 10 poisoned arrows
Armour
 b - a +0 elven leather armour (worn)
 x - a +0 robe
 y - a +0 elven cloak (worn)
Magical devices
 w - a wand of polymorph (13) {unknown}
Comestibles
 d - 3 bread rations
 h - a chunk of worm flesh {@w1}
 G - a snozzcumber
 K - 3 chunks of orc flesh {@w1}
Scrolls
 r - a scroll of amnesia
 v - a scroll of teleportation
 A - a scroll of identify
 H - a scroll of remove curse
Potions
 g - a potion of mutation {unknown}
 i - a potion of brilliance {unknown}
 n - a potion of heal wounds {unknown}
 p - a potion of might {unknown}
 q - a potion of agility
Books
 c - a book of Battle

   Spells                             Type                      Level
   *Infusion                          Charms                       1
   *Shroud of Golubria                Charms/Translocation         2
   Song of Slaying                    Charms                       2
   Spectral Weapon                    Hexes/Charms                 3
   *Regeneration                      Charms/Necromancy            3


   Skills:
 * Level 2.3 Fighting
 + Level 2.5 Long Blades
 + Level 0.4 Throwing
 - Level 1.2 Armour
 * Level 2.2 Dodging
 * Level 1.4 Stealth
 * Level 2.8 Spellcasting
 * Level 4.2 Charms
 * Level 0.7 Translocations
 * Level 0.2 Evocations


You had 2 spell levels left.
You knew the following spells:

 Your Spells              Type           Power        Failure   Level  Hunger
a - Infusion              Chrm           ###...       3%          1    #......
r - Regeneration          Chrm/Necr      #.........   24%         3    ###....
s - Shroud of Golubria    Chrm/Tloc      ##........   12%         2    ##.....


Dungeon Overview and Level Annotations

Branches:
Dungeon (3/16)

Altars:


Message History

* * * LOW HITPOINT WARNING * * *
The adder bites you but does no damage.
You closely miss the adder.
The adder is heavily wounded.
* * * LOW HITPOINT WARNING * * *
You feel sick. The adder barely misses you.
You closely miss the adder.
The adder is heavily wounded.
The adder bites you.
* * * LOW HITPOINT WARNING * * *
The adder bites you but does no damage.
You completely miss the adder.
The adder is heavily wounded.
The adder barely misses you. The adder bites you but does no damage.
You closely miss the adder.
The adder is heavily wounded.
The adder bites you.
* * * LOW HITPOINT WARNING * * *
Drink which item? (? for menu, Esc to quit)
You feel agile all of a sudden.
It was a potion of agility.
The adder bites you but does no damage.
You closely miss the adder.
The adder is heavily wounded.
The adder bites you.
* * * LOW HITPOINT WARNING * * *
The adder barely misses you.
You closely miss the adder.
The adder is heavily wounded.
* * * LOW HITPOINT WARNING * * *
You feel sick. The adder bites you.
* * * LOW HITPOINT WARNING * * *
You slash the adder!
The adder is almost dead.
The adder misses you. The adder bites you.
* * * LOW HITPOINT WARNING * * *
You are more poisoned.
The adder poisons you!
You hit the adder.
You kill the adder!
You die...

## #... #... #...
###### #... #....! #...
#..... #...
#.....##############...
#....%@................
#.....######.#########.
#....) #.# #. #.....
#.# #. ####.# #%# #.
#.##### #.# #.
........#.#########.
....................
.......#.#########.


There were no monsters in sight!

Vanquished Creatures
  3 adders (D:3)
  A worm (D:3)
  2 giant geckos
  An ooze (D:2)
  An orc (D:3)
  A ball python (D:2)
  A giant cockroach (D:1)
  4 goblins
  3 hobgoblins (D:1)
  3 jackals (D:1)
  8 bats
  3 giant newts
  6 kobolds
  15 rats
52 creatures vanquished.

Notes
Turn   | Place    | Note
--------------------------------------------------------------
     0 | D:1      | Aargh, the High Elf Skald, began the quest for the Orb.
     0 | D:1      | Reached XP level 1. HP: 14/14 MP: 4/4
   239 | D:1      | Reached skill level 1 in Armour
   322 | D:1      | Reached XP level 2. HP: 17/19 MP: 6/6
   358 | D:1      | Reached skill level 1 in Stealth
   482 | D:1      | Learned a level 2 spell: Shroud of Golubria
   911 | D:1      | Reached skill level 4 in Charms
  1294 | D:2      | Reached XP level 3. HP: 17/24 MP: 8/8
  1412 | D:2      | Learned a level 3 spell: Regeneration
  1956 | D:3      | HP: 1/24 [adder (3)]
  2337 | D:3      | Reached skill level 2 in Dodging
  2514 | D:3      | Reached XP level 4. HP: 28/30 MP: 11/11
  2644 | D:3      | HP: 1/30 [adder (3)]
  2645 | D:3      | Succumbed to an adder's poison

Action                   |  1- 3 |  4- 6 || total
-------------------------+-------+-------++-------
Melee: Falchion          |   118 |    22 ||   140
Throw: Dart              |    24 |       ||    24
       Javelin           |    22 |     1 ||    23
 Cast: Shroud of Golubri |     1 |       ||     1
  Use: Scroll            |     9 |       ||     9
       Potion            |     2 |     1 ||     3
 Stab: Sleeping          |     1 |       ||     1

Table legend:
 A = Turns spent in this place as a percentage of turns spent in the entire game.
 B = Non-inter-level travel turns spent in this place as a percentage of non-inter-level travel turns spent in the entire game.
 C = Inter-level travel turns spent in this place as a percentage of turns spent in this place.
 D = Turns resting spent in this place as a percentage of non-inter-level travel turns spent in this place.
 E = Turns spent auto-exploring this place as a percentage of non-inter-level travel turns spent in this place.
 F = Non-inter-level travel turns spent in this place divided by the number of levels of this place that you've seen.
                   A       B       C       D       E      F
               +-------+-------+-------+-------+-------+----------------------
         Total | 100.0 | 100.0 |   0.0 |   2.3 |   0.1 | 519.0
       Dungeon | 100.0 | 100.0 |   0.0 |   2.3 |   0.1 | 519.0
               +-------+-------+-------+-------+-------+----------------------

Table legend:
 A = Kills in this place as a percentage of kills in entire the game.
 B = Kills by you in this place as a percentage of kills by you in the entire game.
 C = Kills by friends in this place as a percentage of kills by friends in the entire game.
 D = Other kills in this place as a percentage of other kills in the entire game.
 E = Experience gained in this place as a percentage of experience gained in the entire game.
 F = Experience gained in this place divided by the number of levels of this place that you have seen.
                   A       B       C       D       E      F
               +-------+-------+-------+-------+-------+----------------------
         Total | 100.0 | 100.0 |  -nan |  -nan | 100.0 |  39.3
       Dungeon | 100.0 | 100.0 |  -nan |  -nan | 100.0 |  39.3
               +-------+-------+-------+-------+-------+----------------------

Vault maps used:
D:1:      onia_entry_larder, minmay_misc_feat_chi, st_stairs_4
D:3:      first_bread, minivault_14, minmay_rats_cheese

Action                   |  1- 3 |  4- 6 || total
-------------------------+-------+-------++-------
Melee: Falchion          |   118 |    22 ||   140
Throw: Dart              |    24 |       ||    24
       Javelin           |    22 |     1 ||    23
 Cast: Shroud of Golubri |     1 |       ||     1
  Use: Scroll            |     9 |       ||     9
       Potion            |     2 |     1 ||     3
 Stab: Sleeping          |     1 |       ||     1
Dungeon Crawl Stone Soup version 0.14-a0-1474-g1105da3 (webtiles) character file. 137 Aargh the Charmwright (level 4, 0/30 HPs) Began as a High Elf Skald on Dec 14, 2013. Succumbed to an adder's poison ... on Level 3 of the Dungeon. The game lasted 00:23:11 (2645 turns). Aargh the Charmwright (High Elf Skald) Turns: 2645, Time: 00:23:12 HP 0/30 AC 4 Str 11 XL: 4 Next: 21% MP 11/11 EV 17 Int 17 God: Gold 55 SH 0 Dex 19 Spells: 3 memorised, 2 levels left rFire . . . SeeInvis . a - +0 elf falchion rCold . . . Clarity . b - +0 elf leather armour rNeg . . . Conserve . (no shield) rPois . rCorr . (no helmet) rElec . rRot . y - +0 elf cloak SustAb . . Spirit . (no gloves) rMut . Warding . (no boots) Saprov . . . Stasis . (no amulet) (no ring) (no ring) @: agile, mildly poisoned, slightly resistant to hostile enchantments, quite stealthy A: no striking features a: no special abilities You were on level 3 of the Dungeon. You were not hungry. You visited 1 branch of the dungeon, and saw 3 of its levels. You collected 55 gold pieces. Dungeon Overview and Level Annotations Branches: Dungeon (3/16) Altars: Skills: * Level 2.3 Fighting + Level 2.5 Long Blades + Level 0.4 Throwing - Level 1.2 Armour * Level 2.2 Dodging * Level 1.4 Stealth * Level 2.8 Spellcasting * Level 4.2 Charms * Level 0.7 Translocations * Level 0.2 Evocations You had 2 spell levels left. You knew the following spells: Your Spells Type Power Failure Level Hunger a - Infusion Chrm ###... 3% 1 #...... r - Regeneration Chrm/Necr #......... 24% 3 ###.... s - Shroud of Golubria Chrm/Tloc ##........ 12% 2 ##..... Inventory: Hand weapons a - a +0,+0 elven falchion (weapon) e - a +2,+0 elven dagger k - a +0,+1 orcish dagger l - a cursed +0,-2 short sword o - a +1,+1 short sword s - a +0,+0 dagger t - a +2,+0 elven short sword u - a +2,+0 elven spear E - a +2,+0 elven short sword F - a +0,+0 spear I - a +2,+1 dagger Missiles f - 5 darts of frost m - 35 arrows z - 10 poisoned needles B - 18 darts C - 6 javelins (quivered) D - 3 bolts of frost J - 10 poisoned arrows Armour b - a +0 elven leather armour (worn) x - a +0 robe y - a +0 elven cloak (worn) Magical devices w - a wand of polymorph (13) {unknown} Comestibles d - 3 bread rations h - a chunk of worm flesh {@w1} G - a snozzcumber K - 3 chunks of orc flesh {@w1} Scrolls r - a scroll of amnesia v - a scroll of teleportation A - a scroll of identify H - a scroll of remove curse Potions g - a potion of mutation {unknown} i - a potion of brilliance {unknown} n - a potion of heal wounds {unknown} p - a potion of might {unknown} q - a potion of agility Books c - a book of Battle Spells Type Level *Infusion Charms 1 *Shroud of Golubria Charms/Translocation 2 Song of Slaying Charms 2 Spectral Weapon Hexes/Charms 3 *Regeneration Charms/Necromancy 3 Message History * * * LOW HITPOINT WARNING * * * The adder bites you but does no damage. You closely miss the adder. The adder is heavily wounded. * * * LOW HITPOINT WARNING * * * You feel sick. The adder barely misses you. You closely miss the adder. The adder is heavily wounded. The adder bites you. * * * LOW HITPOINT WARNING * * * The adder bites you but does no damage. You completely miss the adder. The adder is heavily wounded. The adder barely misses you. The adder bites you but does no damage. You closely miss the adder. The adder is heavily wounded. The adder bites you. * * * LOW HITPOINT WARNING * * * Drink which item? (? for menu, Esc to quit) You feel agile all of a sudden. It was a potion of agility. The adder bites you but does no damage. You closely miss the adder. The adder is heavily wounded. The adder bites you. * * * LOW HITPOINT WARNING * * * The adder barely misses you. You closely miss the adder. The adder is heavily wounded. * * * LOW HITPOINT WARNING * * * You feel sick. The adder bites you. * * * LOW HITPOINT WARNING * * * You slash the adder! The adder is almost dead. The adder misses you. The adder bites you. * * * LOW HITPOINT WARNING * * * You are more poisoned. The adder poisons you! You hit the adder. You kill the adder! You die... ## #... #... #... ###### #... #....! #... #..... #... #.....##############... #....%@................ #.....######.#########. #....) #.# #. #..... #.# #. ####.# #%# #. #.##### #.# #. ........#.#########. .................... .......#.#########. There were no monsters in sight!

Vanquished Creatures
  3 adders (D:3)
  A worm (D:3)
  2 giant geckos
  An ooze (D:2)
  An orc (D:3)
  A ball python (D:2)
  A giant cockroach (D:1)
  4 goblins
  3 hobgoblins (D:1)
  3 jackals (D:1)
  8 bats
  3 giant newts
  6 kobolds
  15 rats
52 creatures vanquished. Notes Turn | Place | Note -------------------------------------------------------------- 0 | D:1 | Aargh, the High Elf Skald, began the quest for the Orb. 0 | D:1 | Reached XP level 1. HP: 14/14 MP: 4/4 239 | D:1 | Reached skill level 1 in Armour 322 | D:1 | Reached XP level 2. HP: 17/19 MP: 6/6 358 | D:1 | Reached skill level 1 in Stealth 482 | D:1 | Learned a level 2 spell: Shroud of Golubria 911 | D:1 | Reached skill level 4 in Charms 1294 | D:2 | Reached XP level 3. HP: 17/24 MP: 8/8 1412 | D:2 | Learned a level 3 spell: Regeneration 1956 | D:3 | HP: 1/24 [adder (3)] 2337 | D:3 | Reached skill level 2 in Dodging 2514 | D:3 | Reached XP level 4. HP: 28/30 MP: 11/11 2644 | D:3 | HP: 1/30 [adder (3)] 2645 | D:3 | Succumbed to an adder's poison
